NYP
CONNECTICUT TIGERS @ SPOKANE INDIANS
05/18/2047
 
TOP OF THE 1ST
Connecticut Tigers batting - Pitching for Spokane Indians : LHP Joel Page
Pitching: LHP Joel Page
Batting: RHB Scott Carr 0-0: Swinging Strike
0-1: Called Strike
0-2: Ball
1-2: Strikes out swinging
Batting: RHB Tony Nunez 0-0: Ball
1-0: Swinging Strike
1-1: DOUBLE (Groundball, 5L, EV 105.0 MPH)
Batting: RHB Jaden Warrior 0-0: Ball
1-0: Ball
2-0: Foul Ball, location: 2F
2-1: Swinging Strike
2-2: Hit by Pitch
Batting: RHB Zack DiCicco 0-0: Called Strike
0-1: Ball
1-1: Hit by Pitch
Tony Nunez to third
Jaden Warrior to second
Batting: RHB Khalil Coleman 0-0: Fly out, F9 (Flyball, 89D, EV 86.2 MPH)
Runner from 3rd tags up, SCORES, throw by RF
Jaden Warrior to third
Batting: LHB Antonio Luis 0-0: Ball
1-0: Ball
2-0: Called Strike
2-1: Foul Ball, location: 2F
2-2: Strikes out swinging
Top of the 1st over - 1 run, 1 hit, 0 errors, 2 left on base; Connecticut 1 - Spokane 0
BOTTOM OF THE 1ST
Spokane Indians batting - Pitching for Connecticut Tigers : RHP Alan Grossfeld
Pitching: RHP Alan Grossfeld
Batting: LHB Jose Baez 0-0: Called Strike
0-1: Ball
1-1: Ball
2-1: Ball
3-1: Base on Balls
Batting: RHB Andres Mendiola 0-0: Called Strike
Jose Baez steals 2nd base
0-1: Ball
1-1: Ball
2-1: Ball
3-1: Swinging Strike
3-2: Strikes out swinging
Batting: LHB Gabriel Graves 0-0: Ball
1-0: Ball
2-0: Swinging Strike
2-1: Foul Ball, location: 2F
2-2: Ball
3-2: Foul Ball, location: 2F
3-2: Base on Balls
Batting: LHB Nick Foutz 0-0: Ball
1-0: Foul Ball, location: 2F
1-1: Called Strike
1-2: Strikes out looking
Batting: RHB Sergio Godinez 0-0: Ball
1-0: Ball
2-0: Called Strike
2-1: Swinging Strike
2-2: SINGLE (Groundball, 6MS, EV 71.2 MPH) (infield hit)
Jose Baez to third
Gabriel Graves to second
Batting: RHB Tim Adams 0-0: Ball
1-0: Foul Ball, location: 2F
1-1: Fielders Choice at 2nd, 5-4 (Groundball, 5, EV 89.4 MPH)
Bottom of the 1st over - 0 runs, 1 hit, 0 errors, 3 left on base; Connecticut 1 - Spokane 0
TOP OF THE 2ND
Connecticut Tigers batting - Pitching for Spokane Indians : LHP Joel Page
Batting: SHB Eisse Wijnja 0-0: Ball
1-0: Called Strike
1-1: Foul Ball, location: 2F
1-2: Ground out 6-3 (Groundball, 6M, EV 105.6 MPH)
Batting: SHB Ian Arlotta 0-0: Swinging Strike
0-1: Called Strike
0-2: Foul Ball, location: 2F
0-2: Ball
1-2: Ball
2-2: Foul Ball, location: 2F
2-2: Ground out 3-1 (Groundball, 34S, EV 80.6 MPH)
Batting: LHB Zach Rose 0-0: Ball
1-0: Called Strike
1-1: Swinging Strike
1-2: Ball
2-2: Strikes out swinging
Top of the 2nd over - 0 runs, 0 hits, 0 errors, 0 left on base; Connecticut 1 - Spokane 0
BOTTOM OF THE 2ND
Spokane Indians batting - Pitching for Connecticut Tigers : RHP Alan Grossfeld
Batting: RHB George King 0-0: Ball
1-0: Ball
2-0: Foul Ball, location: 2F
2-1: Foul Ball, location: 2F
2-2: Strikes out swinging
Batting: RHB Salvador Caldera 0-0: Called Strike
0-1: Foul Ball, location: 2F
0-2: Ball
1-2: Ball
2-2: Strikes out swinging
Batting: RHB Ferdi Schipper 0-0: Called Strike
0-1: SINGLE (Groundball, 34S, EV 72.5 MPH) (infield hit)
Batting: LHB Jose Baez 0-0: Ball
Ferdi Schipper steals 2nd, throwing error, E2
Ferdi Schipper to third
1-0: Ball
2-0: Called Strike
2-1: Called Strike
2-2: SINGLE (Groundball, 34D, EV 104.4 MPH)
Ferdi Schipper scores
Batting: RHB Andres Mendiola 0-0: Called Strike
0-1: Swinging Strike
0-2: Ball
Jose Baez steals 2nd base
1-2: SINGLE (Line Drive, 34D, EV 107.5 MPH)
Jose Baez to third
Runner from 3rd tries for Home, SAFE, throw by RF to home
Batting: LHB Gabriel Graves 0-0: Called Strike
0-1: Ball
1-1: Swinging Strike
1-2: Foul Ball, location: 2F
1-2: Ground out 4-3 (Groundball, 4, EV 86.2 MPH)
Bottom of the 2nd over - 2 runs, 3 hits, 1 error, 1 left on base; Connecticut 1 - Spokane 2
TOP OF THE 3RD
Connecticut Tigers batting - Pitching for Spokane Indians : LHP Joel Page
Batting: RHB Scott Carr 0-0: Swinging Strike
0-1: Foul Ball, location: 2F
0-2: Ball
1-2: DOUBLE (Line Drive, 78XD, EV 107.5 MPH)
Batting: RHB Tony Nunez 0-0: Ball
1-0: Called Strike
1-1: Ball
2-1: Foul Ball, location: 2F
2-2: Strikes out looking
Batting: RHB Jaden Warrior 0-0: Called Strike
0-1: Ball
1-1: Called Strike
1-2: Foul Ball, location: 2F
1-2: Foul Ball, location: 2F
1-2: SINGLE (Line Drive, 89M, EV 108.1 MPH)
Scott Carr to third
Batting: RHB Zack DiCicco 0-0: Swinging Strike
0-1: Ball
1-1: Ball
2-1: SINGLE (Line Drive, 56D, EV 105.0 MPH)
Scott Carr scores
Jaden Warrior to second
Batting: RHB Khalil Coleman 0-0: Foul Ball, location: 2F
0-1: Foul Ball, location: 2F
0-2: Strikes out swinging
Batting: LHB Antonio Luis 0-0: Ball
1-0: Called Strike
1-1: Ball
Passed Ball!
Jaden Warrior to third
Zack DiCicco to second
2-1: Foul Ball, location: 2F
2-2: Foul Ball, location: 2F
2-2: Strikes out swinging
Top of the 3rd over - 1 run, 3 hits, 0 errors, 2 left on base; Connecticut 2 - Spokane 2
BOTTOM OF THE 3RD
Spokane Indians batting - Pitching for Connecticut Tigers : RHP Alan Grossfeld
Batting: LHB Nick Foutz 0-0: Ball
1-0: Foul Ball, location: 2F
1-1: Foul Ball, location: 2F
1-2: Ball
2-2: Ball
3-2: Fly out, F9 (Flyball, 9LM, EV 102.5 MPH)
Batting: RHB Sergio Godinez 0-0: Ground out 6-3 (Groundball, 6, EV 86.2 MPH)
Batting: RHB Tim Adams 0-0: Swinging Strike
0-1: Called Strike
0-2: Foul Ball, location: 2F
0-2: Foul Ball, location: 2F
0-2: Ball
1-2: Ball
2-2: Strikes out swinging
Bottom of the 3rd over - 0 runs, 0 hits, 0 errors, 0 left on base; Connecticut 2 - Spokane 2
TOP OF THE 4TH
Connecticut Tigers batting - Pitching for Spokane Indians : LHP Joel Page
Batting: SHB Eisse Wijnja 0-0: Called Strike
0-1: Ball
1-1: SINGLE (Groundball, 34D, EV 105.6 MPH)
Batting: SHB Ian Arlotta 0-0: Called Strike
0-1: Swinging Strike
0-2: Strikes out swinging
Batting: LHB Zach Rose 0-0: Ball
1-0: Foul Ball, location: 2F
1-1: Foul Ball, location: 2F
1-2: Strikes out swinging
Batting: RHB Scott Carr Balk!
Eisse Wijnja to second
0-0: Ball
1-0: Called Strike
1-1: Foul Ball, location: 2F
1-2: Ground out 6-3 (Groundball, 6, EV 105.0 MPH)
Top of the 4th over - 0 runs, 1 hit, 0 errors, 1 left on base; Connecticut 2 - Spokane 2
BOTTOM OF THE 4TH
Spokane Indians batting - Pitching for Connecticut Tigers : RHP Alan Grossfeld
Batting: RHB George King 0-0: Called Strike
0-1: Called Strike
0-2: Strikes out looking
Batting: RHB Salvador Caldera 0-0: Ball
1-0: Foul Ball, location: 2F
1-1: Foul Ball, location: 2F
1-2: Foul Ball, location: 2F
1-2: Fly out, F9 (Flyball, 9S, EV 93.1 MPH)
Batting: RHB Ferdi Schipper 0-0: Ball
1-0: Ball
2-0: Called Strike
2-1: Swinging Strike
2-2: Ball
3-2: Strikes out swinging
Bottom of the 4th over - 0 runs, 0 hits, 0 errors, 0 left on base; Connecticut 2 - Spokane 2
TOP OF THE 5TH
Connecticut Tigers batting - Pitching for Spokane Indians : LHP Joel Page
Batting: RHB Tony Nunez 0-0: Foul Ball, location: 2F
0-1: Ball
1-1: Swinging Strike
1-2: Strikes out swinging
Batting: RHB Jaden Warrior 0-0: Called Strike
0-1: Ball
1-1: Ball
2-1: Foul Ball, location: 2F
2-2: Fly out, F9 (Line Drive, 89S, EV 93.1 MPH)
Batting: RHB Zack DiCicco 0-0: Called Strike
0-1: Swinging Strike
0-2: Ball
1-2: Strikes out swinging
Top of the 5th over - 0 runs, 0 hits, 0 errors, 0 left on base; Connecticut 2 - Spokane 2
BOTTOM OF THE 5TH
Spokane Indians batting - Pitching for Connecticut Tigers : RHP Alan Grossfeld
Batting: LHB Jose Baez 0-0: Ground out 4-3 (Groundball, 4, EV 81.9 MPH)
Batting: RHB Andres Mendiola 0-0: Fly out, F8 (Line Drive, 8RM, EV 106.9 MPH)
Batting: LHB Gabriel Graves 0-0: Swinging Strike
0-1: Swinging Strike
0-2: Strikes out looking
Bottom of the 5th over - 0 runs, 0 hits, 0 errors, 0 left on base; Connecticut 2 - Spokane 2
TOP OF THE 6TH
Connecticut Tigers batting - Pitching for Spokane Indians : LHP Joel Page
Batting: RHB Khalil Coleman 0-0: Ball
1-0: SINGLE (Line Drive, 6M, EV 98.1 MPH)
Batting: LHB Antonio Luis 0-0: Foul Ball, location: 2F
0-1: Foul Ball, location: 2F
0-2: Ball
1-2: Fly out, F8 (Flyball, 78S, EV 85.0 MPH)
Pitching: LHP Alex Boites
Batting: SHB Eisse Wijnja 0-0: Ball
1-0: Ball
2-0: Foul Ball, location: 2F
2-1: Ball
3-1: Foul Ball, location: 2F
3-2: Strikes out swinging
Batting: SHB Ian Arlotta 0-0: Ball
1-0: Ball
2-0: Ball
3-0: Called Strike
3-1: Called Strike
3-2: Foul Ball, location: 2F
3-2: Foul Ball, location: 2F
3-2: Strikes out looking
Top of the 6th over - 0 runs, 1 hit, 0 errors, 1 left on base; Connecticut 2 - Spokane 2
BOTTOM OF THE 6TH
Spokane Indians batting - Pitching for Connecticut Tigers : RHP Alan Grossfeld
Batting: LHB Nick Foutz 0-0: Ground out 5-3 (Groundball, 6, EV 83.8 MPH)
Batting: RHB Sergio Godinez 0-0: Called Strike
0-1: Ground out 5-3 (Groundball, 56S, EV 82.5 MPH)
Batting: RHB Tim Adams 0-0: Called Strike
0-1: Ball
1-1: Swinging Strike
1-2: Strikes out swinging
Bottom of the 6th over - 0 runs, 0 hits, 0 errors, 0 left on base; Connecticut 2 - Spokane 2
TOP OF THE 7TH
Connecticut Tigers batting - Pitching for Spokane Indians : LHP Alex Boites
Batting: LHB Zach Rose 0-0: Ball
1-0: Ball
2-0: Ball
3-0: Called Strike
3-1: Base on Balls
Batting: RHB Scott Carr 0-0: Ball
1-0: Ball
2-0: Called Strike
2-1: Ball
3-1: Foul Ball, location: 2F
3-2: Base on Balls
Zach Rose to second
Batting: RHB Tony Nunez 0-0: Fly out, F8 (Line Drive, 8LM, EV 95.6 MPH)
Batting: RHB Jaden Warrior 0-0: Called Strike
0-1: Ball
1-1: Ball
2-1: Reached on error, E1 (Groundball, 15S, EV 63.8 MPH)
Zach Rose to third
Scott Carr to second
Pitching: RHP Adam Sullivan
Batting: RHB Zack DiCicco 0-0: Called Strike
0-1: Foul Ball, location: 2F
0-2: Strikes out swinging
Batting: RHB Khalil Coleman 0-0: Called Strike
0-1: Ball
1-1: Swinging Strike
1-2: Foul Ball, location: 2F
1-2: Ball
2-2: Ball
3-2: Strikes out swinging
Top of the 7th over - 0 runs, 0 hits, 1 error, 3 left on base; Connecticut 2 - Spokane 2
BOTTOM OF THE 7TH
Spokane Indians batting - Pitching for Connecticut Tigers : RHP Alan Grossfeld
Batting: RHB George King 0-0: Ball
1-0: Foul Ball, location: 2F
1-1: Foul Ball, location: 2F
1-2: SINGLE (Groundball, 6, EV 104.4 MPH)
Batting: RHB Salvador Caldera 0-0: Ball
1-0: Called Strike
1-1: Ball
Passed Ball!
George King to second
2-1: Intentional Walk
Batting: RHB Ferdi Schipper 0-0: Ball
George King steals 3rd base
Salvador Caldera to second
1-0: Ball
2-0: Ball
Wild Pitch!
George King scores
Salvador Caldera to third
3-0: Called Strike
3-1: DOUBLE (Groundball, 5L, EV 100.6 MPH)
Salvador Caldera scores
Pitching: RHP Larry Mathieu
Batting: LHB Jose Baez 0-0: SINGLE (Groundball, 34S, EV 72.5 MPH) (infield hit)
Ferdi Schipper to third
Batting: RHB Andres Mendiola 0-0: Called Strike
0-1: Ball
1-1: Called Strike
1-2: Foul Ball, location: 2F
1-2: Strikes out swinging
Batting: LHB Gabriel Graves 0-0: Ball
Jose Baez is caught stealing 2nd base 2-6
1-0: Called Strike
1-1: Swinging Strike
1-2: Strikes out looking
Bottom of the 7th over - 2 runs, 3 hits, 0 errors, 1 left on base; Connecticut 2 - Spokane 4
TOP OF THE 8TH
Connecticut Tigers batting - Pitching for Spokane Indians : RHP Adam Sullivan
Now at 1B: Herb Craig
Now at SS: Darnell Jones
Batting: LHB Antonio Luis 0-0: Swinging Strike
0-1: Ball
1-1: Fly out, F8 (Line Drive, 8RD, EV 93.8 MPH)
Batting: SHB Eisse Wijnja 0-0: Ball
1-0: Ground out 4-3 (Groundball, 34, EV 95.6 MPH)
Batting: SHB Ian Arlotta 0-0: Ball
1-0: Called Strike
1-1: Foul Ball, location: 2F
1-2: Ground out 3-1 (Groundball, 13, EV 86.9 MPH)
Top of the 8th over - 0 runs, 0 hits, 0 errors, 0 left on base; Connecticut 2 - Spokane 4
BOTTOM OF THE 8TH
Spokane Indians batting - Pitching for Connecticut Tigers : RHP Larry Mathieu
Pitching: LHP Victor Villarreal
Batting: LHB Nick Foutz 0-0: Called Strike
0-1: Called Strike
0-2: Ball
1-2: Ball
2-2: Strikes out looking
Batting: RHB Sergio Godinez 0-0: Foul Ball, location: 2F
0-1: Ball
1-1: Ground out 5-3 (Groundball, 56, EV 88.8 MPH)
Batting: RHB Tim Adams 0-0: Ball
1-0: Ball
2-0: Ball
3-0: Called Strike
3-1: Called Strike
3-2: SINGLE (Groundball, 6MD, EV 105.6 MPH)
Batting: RHB George King 0-0: Ball
1-0: Called Strike
1-1: Ball
2-1: Ground out 4-3 (Groundball, 34, EV 106.9 MPH)
Bottom of the 8th over - 0 runs, 1 hit, 0 errors, 1 left on base; Connecticut 2 - Spokane 4
TOP OF THE 9TH
Connecticut Tigers batting - Pitching for Spokane Indians : RHP Adam Sullivan
Pitching: RHP Javier Cabrera
Now at 2B: Darnell Jones
Now at 3B: Shoh Tanioka
Now at SS: Dave Brabo
Batting: LHB Zach Rose 0-0: Foul Ball, location: 2F
0-1: Ball
1-1: Called Strike
1-2: Strikes out swinging
Batting: RHB Scott Carr 0-0: Ball
1-0: Ground out 4-3 (Groundball, 4, EV 95.0 MPH)
Batting: RHB Tony Nunez 0-0: Foul Ball, location: 2F
0-1: Ground out 5-3 (Groundball, 56S, EV 75.0 MPH)
Top of the 9th over - 0 runs, 0 hits, 0 errors, 0 left on base; Connecticut 2 - Spokane 4
Thursday, December 15th , 2022 - OOTP Baseball 23.9 Build 102